 Dungeon Crawl Stone Soup version 0.27.1-3-gb3d3a73c9e (webtiles) character file.

Game seed: 10964080670302951747

161 bobbyregger the Cudgeller (level 5, 0/42 HPs)
             Began as a Human Berserker on Oct 17, 2021.
             Was a Believer of Trog.
             Succumbed to an adder's poison
             ... on level 3 of the Dungeon.
             The game lasted 00:04:08 (3407 turns).

bobbyregger the Cudgeller (Human Berserker)         Turns: 3407, Time: 00:04:08

Health: 0/42       AC:  2    Str: 17    XL:     5   Next: 70%
Magic:  5/5        EV: 13    Int:  7    God:    Trog [**....]
Gold:   99         SH:  0    Dex: 14    Spells: 4/4 levels left

rFire    . . .     SeeInvis .   a - +0 mace
rCold    . . .     Faith    .   (no shield)
rNeg     . . .     Spirit   .   b - +0 animal skin
rPois    .         Reflect  .   (no helmet)
rElec    .         Harm     .   (no cloak)
rCorr    .         Rampage  .   (no gloves)
Will     .....                  (no boots)
Stlth    +.........             (no amulet)
HPRegen  0.14/turn              (no ring)
MPRegen  0.09/turn              (no ring)

@: lethally poisoned (0 -> -2), on berserk cooldown, slowed, very slow
A: no striking features
a: Renounce Religion, Berserk, Trog's Hand


You were on level 3 of the Dungeon.
You worshipped Trog.
Trog was pleased with you.
You visited 1 branch of the dungeon, and saw 3 of its levels.

You collected 99 gold pieces.

Inventory:

Hand Weapons
 a - a +0 mace (weapon)
Armour
 b - a +0 animal skin (worn)
Scrolls
 c - a scroll of amnesia {unknown}
 d - 5 scrolls of identify {unknown}
 e - a scroll of silence {unknown}
 f - 3 scrolls of teleportation {unknown}
Potions
 g - a potion of heal wounds {unknown}
 h - 3 potions of ambrosia {unknown}
 i - 3 potions of invisibility {unknown}
 j - a potion of attraction {unknown}
 k - a potion of mutation {unknown}
 l - a potion of curing {unknown}
 m - a potion of degeneration {unknown}
 n - a potion of lignification {unknown}


   Skills:
 + Level 4.1 Fighting
 + Level 4.3 Maces & Flails
 - Level 2.2 Armour
 + Level 3.2 Dodging


You had 4 spell levels left.
You didn't know any spells.
Your spell library was empty.

Dungeon Overview and Level Annotations

Branches:
Dungeon (3/15)

Altars:
Ashenzari
Okawaru
Qazlal

Annotations:
D:3 3 runed translucent doors, Captinkiss's ghost, amateur DjFE; Icepheonix32's ghost, amateur DsFi; onlghost's ghost, amateur MfMo


Message History

You feel yourself moving faster!
You feel mighty!
You feel sick. The adder bites you.
You are more poisoned.
The adder poisons you! The adder bites you but does no damage.
You sock the adder!
You kill the adder!
Trog accepts your kill.
You feel very sick.
You sock the endoplasm!
You kill the endoplasm!
Trog accepts your kill.
You feel sick.
You feel sick.
Items here: )) ††.
You barely miss the hobgoblin.
You feel sick.
The hobgoblin hits you with a +0 great sword!
* * * LOW HITPOINT WARNING * * *
You sock the hobgoblin!
You kill the hobgoblin!
Trog accepts your kill.
You feel sick.
You feel sick. The worm bites you.
* * * LOW HITPOINT WARNING * * *
Things that are here:
a +0 great sword; a +0 leather armour; 7 gold pieces You thump the worm!
The worm is heavily wounded.
You feel sick.
You sock the worm!
You kill the worm!
Trog accepts your kill.
You feel sick.
You are no longer berserk.
You are exhausted.
You feel yourself slow down.
* * * LOW HITPOINT WARNING * * *
You feel sick.
* * * LOW HITPOINT WARNING * * *
You feel sick.
You die...

#.######.......†..
#.#..........#####
#.#.#........# #.#.#........#
#)#.#........#####
#)#.#....)........
#########.#.#.............
#.........................
#>...[...@.......##.#.....
#w#######.#.###..#........
###..#####..#.# #..##.......
#....S......#.###...........
.....####.####.#......#...#####
..... ..... #..##.........#.⌠.
.... #.......#...........#.#.$.
.... #.......#.###.###.....#W$.
##. ...g._.....# #.# #.#.#.+W..


There were no monsters in sight!

Vanquished Creatures
  A howler monkey (D:3)
  Jessica (D:2)
  3 adders
  2 worms
  2 dart slugs (D:1)
  5 ball pythons
  7 endoplasms
  3 giant cockroaches
  8 goblins
  7 hobgoblins
  2 quokkas
  7 bats
  5 frilled lizards
  3 kobolds (D:3)
  2 rats (D:3)
58 creatures vanquished.

Vanquished Creatures (others)
  4 withered plants (D:3)
4 creatures vanquished.

Grand Total: 62 creatures vanquished

Notes
Turn   | Place    | Note
-------+----------+-------------------------------------------
     0 | D:1      | bobbyregger the Human Berserker began the quest for the
                  | Orb.
     0 | D:1      | Reached XP level 1. HP: 18/18 MP: 1/1
   177 | D:1      | Reached XP level 2. HP: 24/24 MP: 2/2
   609 | D:1      | Reached XP level 3. HP: 27/29 MP: 3/3
   925 | D:1      | Found a faded altar of an unknown god.
  1563 | D:2      | Reached ** piety under Trog
  1902 | D:2      | Noticed Jessica
  1906 | D:2      | Killed Jessica
  1907 | D:2      | Reached XP level 4. HP: 36/36 MP: 4/4
  2529 | D:3      | Found a broken altar of Ashenzari.
  2757 | D:3      | Found an iron altar of Okawaru.
  2778 | D:3      | Reached XP level 5. HP: 13/42 MP: 5/5
  3049 | D:3      | Found a runed translucent gate.
  3050 | D:3      | Found a runed translucent gate.
  3050 | D:3      | Noticed onlghost's ghost (amateur MfMo)
  3051 | D:3      | Noticed Captinkiss's ghost (amateur DjFE)
  3053 | D:3      | Found a runed translucent gate.
  3053 | D:3      | Noticed Icepheonix32's ghost (amateur DsFi)
  3369 | D:3      | Found a stormy altar of Qazlal.
  3405 | D:3      | HP: 2/42 [poisoned by an adder]
  3407 | D:3      | Succumbed to an adder's poison

Illustrated notes

Levels and vault maps discovered:
D:1:      giann_forest_graveyard, layout_basic, basic_ecumenical_altar,
          minmay_surrounded
D:2:      layout_loops_ring, minmay_tromino_v4_a, uniq_jessica
D:3:      layout_basic, okawaru_metal_pillars_1_2,
          ashenzari_conservatory_becter, old_standard_altar,
          gammafunk_ghost_cemetery

Skill      XL: |  1  2  3  4  5 |
---------------+----------------+-----
Maces & Flails | 4 |  4.3
Dodging        | 3 |  3.2
Fighting       | 4 |  4.1
Armour         | |  2.2

Action                   |  1- 3 |  4- 6 || total
-------------------------+-------+-------++-------
Melee: Mace              |    85 |   116 ||   201
Invok: Berserk           |     2 |     2 ||     4
 Stab: Sleeping          |       |     1 ||     1
Armor: Animal skin       |    19 |    17 ||    36
Dodge: Dodged            |    72 |    89 ||   161
